Map: New Repugnancy LE

Players

gusak

  • Race: Terran Terran
  • League: Gold
  • Spawn Location: 1:00

DanishRaven - Winner!

  • Race: Zerg Zerg
  • League: Gold
  • Spawn Location: 7:00

VOD

Have the link to the VOD?

Description

Time

  • Played on: May 15, 2019, 10:16 a.m.
  • Length: 34:59
Show
View Real Time Build Order
Export as new Build Order

gusak Terran 

Build Orders: Mech 

Get SALT Encoding   

  12  0:00  SCV  
  13  0:19  Supply Depot  
  13  0:21  SCV  
  14  0:34  SCV  
  15  0:37  Refinery  
  15  0:46  Barracks  
  15  0:49  SCV  
  16  1:01  SCV  
  17  1:13  SCV  
  18  1:25  SCV  
  19  1:33  Marine  
  19  1:39  Orbital Command  
  20  1:43  Refinery  
  20  1:54  Command Center  
  20  2:05  Factory  
  20  2:09  Barracks Reactor  
  20  2:20  Supply Depot, SCV  
  21  2:32  SCV  
  22  2:42  Supply Depot  
  22  2:45  Marine x2  
  22  2:49  SCV  
  22  2:51  Factory Tech Lab  
  25  3:06  Orbital Command  
  25  3:07  Bunker  
  25  3:08  Marine  
  25  3:09  Marine  
  27  3:18  Cyclone  
  30  3:27  Engineering Bay  
  30  3:30  SCV  
  31  3:39  Supply Depot  
  31  3:48  Starport, SCV  
  32  3:58  Siege Tank  
  32  4:00  SCV  
  32  4:02  Marine  
  37  4:03  Marine  
  38  4:11  Missile Turret  
  38  4:19  Supply Depot  
  38  4:20  SCV  
  38  4:21  SCV  
  40  4:25  Starport Tech Lab  
  40  4:28  Factory  
  40  4:41  Siege Tank  
  40  4:45  Viking  
  45  4:46  SCV x2  
  45  4:50  Marine x2  
  49  4:56  Supply Depot  
  49  5:13  SCV x2  
  51  5:20  Refinery  
  51  5:23  Refinery  
  51  5:25  SCV x2  
  51  5:27  Supply Depot  
  53  5:37  SCV x2  
  53  5:40  Factory Tech Lab  
  55  5:49  SCV x2  
  57  5:52  Starport Reactor  
  57  5:55  Armory  
  57  5:56  Terran Infantry Weapons Level 1  
  57  5:57  Siege Tank  
  57  6:01  SCV  
  61  6:07  Factory  
  61  6:10  Missile Turret  
  61  6:14  Supply Depot  
  61  6:25  Missile Turret  
  61  6:31  SCV x2, Missile Turret  
  63  6:33  Missile Turret  
  63  6:48  Mag-Field Accelerator  
  63  6:50  Viking  
  63  6:51  Viking  
  67  6:55  Terran Vehicle Weapons Level 1  
  67  7:03  SCV x2  
  69  7:15  SCV x2  
  70  7:19  Missile Turret  
  70  7:21  Thor  
  76  7:30  SCV x2  
  78  7:38  Thor  
  78  7:42  SCV  
  85  7:46  SCV  
  85  7:51  Marine x2  
  86  7:54  SCV  
  86  7:56  Infernal Pre-Igniter  
  90  7:58  SCV  
  90  8:03  Factory  
  90  8:13  Marine x2  
  90  8:16  Medivac  
  94  8:23  Supply Depot  
  94  8:24  Supply Depot  
  93  8:28  Supply Depot  
  93  8:43  Missile Turret x3  
  93  8:44  Medivac  
  93  8:45  Missile Turret x2  
  92  9:06  Missile Turret, Hellion x2  
  92  9:07  Hellion  
  98  9:14  Command Center  
  96  9:40  Marine x2  
  96  9:42  Hellion x3  
  104  9:54  Missile Turret  
  104  9:55  Missile Turret  
  104  10:00  Command Center  
  104  10:03  Hellion  
  104  10:04  Marine x2  
  106  10:54  Marine x2  
  107  11:12  Marine  
  75  11:30  Marine x2  
  75  11:31  Thor x3  
  80  11:35  Orbital Command  
  80  11:39  Orbital Command  
  80  11:52  Missile Turret, Viking x2  
  84  11:55  Missile Turret  
  84  11:56  Factory Reactor  
  84  12:02  Orbital Command  
  84  12:16  Missile Turret  
  84  12:26  Missile Turret  
  84  12:28  Missile Turret  
  84  12:30  Missile Turret  
  84  12:31  Missile Turret x2  
  84  12:36  Hellion  
  84  12:37  Hellion  
  88  12:38  Thor x3  
  88  12:40  Viking x2  
  88  12:43  Refinery  
  110  12:44  Terran Vehicle And Ship Armor Level 1  
  110  12:45  Refinery  
  110  12:48  Missile Turret  
  110  12:49  Missile Turret  
  110  12:51  Missile Turret  
  110  12:52  Armory  
  108  13:03  Hellion x2  
  112  13:08  SCV x2  
  114  13:20  SCV x2  
  114  13:21  Thor  
  122  13:38  Command Center  
  126  13:48  Hellion x2  
  126  13:51  Thor x2  
  126  13:54  Terran Ship Weapons Level 1  
  138  14:08  Thor  
  144  14:10  Orbital Command  
  144  14:12  Hellion  
  144  14:33  Thor  
  94  15:04  Hellion x2  
  94  15:07  Thor x2  
  110  15:19  SCV  
  110  15:20  SCV x2  
  107  15:32  SCV x3  
  107  15:33  Thor  
  116  15:44  SCV  
  115  16:04  Hellion x2  
  119  16:08  Viking x2  
  119  16:10  SCV  
  102  16:47  Hellion  
  102  16:48  Hellion  
  102  16:49  Thor  
  112  17:19  Hellion  
  112  17:20  Hellion  
  116  17:46  Hellion x2  
  116  17:49  Thor x2  
  132  17:54  Barracks Reactor, Orbital Command  
  132  18:01  Refinery  
  132  18:03  Refinery  
  132  18:09  Thor  
  132  18:11  Viking  
  140  18:23  Starport  
  140  18:26  Starport  
  140  18:47  Viking x2  
  144  18:50  Barracks Tech Lab  
  144  18:53  Hellion x2  
  144  18:55  Thor x2  
  160  19:02  Starport Reactor  
  160  19:10  Starport Reactor  
  160  19:17  Hellion x8  
  160  19:30  Missile Turret x3  
  160  19:50  Missile Turret  
  160  19:52  SCV x2  
  162  19:53  SCV  
  163  20:05  Supply Depot x2  
  163  20:26  SCV x2, Viking x3  
  163  20:27  Viking, Thor  
  179  20:28  Viking  
  179  20:29  Viking  
  179  20:32  Hellion x3  
  169  20:45  Supply Depot  
  169  20:56  Viking  
  169  21:27  Viking x4  
  169  21:30  Terran Ship Weapons Level 2  
  177  21:45  Hellion  
  177  21:46  Hellion x2  
  183  21:57  Viking  
  185  22:10  Terran Vehicle And Ship Armor Level 2  
  185  22:26  Orbital Command  
  122  23:13  Hellion x4  
  122  23:14  Hellion  
  132  23:55  Hellion x3  
  75  24:25  Viking x3  
  67  24:34  Hellion  
  63  25:06  Viking  
  63  25:07  Viking x2  
  69  25:17  Orbital Command  
  69  25:38  Viking x3  
  69  25:39  Viking x3  
  80  26:01  Hellion x3  
  80  26:02  Hellion x2  
  76  26:37  Hellion x3  
  76  26:38  Hellion x2  
  76  26:39  Viking  
  88  26:40  Viking  
  90  26:58  Hellion  
  90  26:59  Hellion x4  
  100  27:11  Viking x5  
  110  27:20  Hellion  
  112  27:23  Orbital Command  
  112  27:32  Viking  
  114  27:41  Viking x2  
  118  28:02  Siege Tank x3  
  127  28:34  Siege Tank  
  112  29:58  Viking x3  
  112  29:59  Viking  
  102  30:02  Viking  
  102  30:03  Viking  
  98  30:11  Hellion x3  
  98  30:12  Hellion x2  
  102  30:26  Command Center  
  102  30:44  Supply Depot  
  102  30:45  Supply Depot  
  102  30:46  Supply Depot  
  102  30:47  Supply Depot  
  102  30:51  Drilling Claws  
  102  31:05  Viking  
  102  31:06  Hellion x2  
  102  31:11  Widow Mine x3  
  114  31:27  Widow Mine  
  113  31:57  Widow Mine  
  113  31:58  Widow Mine  
  117  32:12  Supply Depot x2  
  117  32:16  Supply Depot  
  117  32:24  Widow Mine  
  117  32:28  Widow Mine  
  117  32:34  Widow Mine x3  
  123  33:07  Orbital Command  
  89  34:38  Hellion x3  
Show
View Real Time Build Order
Export as new Build Order

DanishRaven Zerg - Winner!

Build Orders: Hatch First, Brood Lord Corruptor 

Get SALT Encoding   

  12  0:03  Drone  
  13  0:15  Overlord  
  13  0:17  Drone  
  14  0:34  Drone x2  
  16  0:37  Drone  
  17  0:49  Drone  
  18  0:57  Hatchery  
  18  1:00  Drone  
  18  1:02  Extractor  
  17  1:15  Spawning Pool  
  16  1:23  Drone x2  
  18  1:47  Overlord  
  18  2:04  Zergling x4  
  20  2:09  Queen x2  
  20  2:10  Drone x2  
  26  2:21  Zergling x4  
  28  2:30  Drone  
  29  2:41  Drone x2  
  31  3:00  Drone x4  
  31  3:03  Drone  
  36  3:13  Lair  
  36  3:17  Overlord x2  
  36  3:31  Overlord  
  36  3:43  Drone x3  
  36  3:44  Drone x4  
  36  3:46  Extractor  
  42  4:05  Drone x4  
  42  4:09  Hatchery  
  45  4:32  Spire  
  44  4:42  Drone x7  
  51  4:51  Extractor  
  50  4:53  Extractor  
  49  5:06  Drone x4  
  53  5:10  Drone x6  
  59  5:19  Overlord  
  59  5:21  Overlord x2  
  59  5:44  Mutalisk x3  
  59  5:45  Mutalisk x3  
  59  5:49  Mutalisk x2  
  75  5:53  Mutalisk  
  77  5:58  Drone x5  
  82  6:05  Overlord  
  82  6:06  Overlord  
  82  6:11  Zerg Flyer Weapons Level 1  
  82  6:15  Overlord  
  82  6:16  Overlord  
  82  6:23  Queen x3  
  88  6:32  Evolution Chamber  
  87  6:41  Infestation Pit  
  86  6:48  Overlord x2  
  86  6:49  Drone x4  
  86  6:50  Drone x3  
  89  7:16  Mutalisk  
  89  7:17  Mutalisk x5  
  101  7:26  Drone  
  101  7:27  Drone x2  
  104  7:31  Extractor x2  
  102  7:38  Drone  
  102  7:39  Drone x2  
  105  7:47  Hatchery  
  105  7:48  Extractor  
  105  7:50  Extractor, Overseer  
  102  7:52  Pneumatized Carapace  
  102  7:55  Burrow  
  102  8:35  Hive  
  100  9:05  Drone x18  
  118  9:10  Queen  
  118  9:16  Zerg Ground Armor Level 1  
  118  9:47  Greater Spire  
  118  9:49  Overlord  
  118  9:50  Overlord x5, Corruptor  
  118  9:51  Corruptor x8  
  136  9:54  Overlord x3  
  126  10:40  Mutalisk x10  
  126  10:41  Mutalisk x3  
  87  11:37  Drone x10  
  87  11:39  Queen  
  99  11:50  Brood Lord x4  
  99  11:52  Corruptor x2  
  111  12:00  Corruptor  
  113  12:23  Drone x2  
  113  12:24  Hatchery, Drone x9  
  113  12:25  Extractor  
  122  12:36  Viper x2  
  128  13:17  Viper x2  
  128  13:18  Viper  
  137  13:36  Brood Lord x2  
  141  13:42  Corruptor  
  143  14:15  Corruptor  
  143  14:16  Corruptor x4  
  153  14:21  Hatchery, Extractor  
  149  14:24  Extractor  
  120  15:20  Viper x3  
  126  15:31  Queen  
  126  15:32  Queen x3  
  126  15:33  Queen  
  125  16:00  Extractor  
  114  16:08  Brood Lord x7  
  128  16:15  Zergling x2, Corruptor  
  128  16:16  Zergling x2  
  128  16:17  Zergling x24  
  138  16:53  Hatchery  
  140  16:54  Drone x12  
  149  17:16  Metabolic Boost  
  149  17:19  Zergling x2  
  149  17:20  Zergling x14  
  157  17:34  Zerg Melee Weapons Level 1  
  157  17:41  Zerg Flyer Armor Level 1  
  157  17:47  Corruptor x6  
  157  17:48  Corruptor x2  
  173  18:02  Zergling x2  
  173  18:03  Zergling x32  
  190  18:34  Adrenal Glands  
  190  18:44  Overlord x2  
  190  18:45  Overlord  
  190  19:17  Hatchery, Extractor  
  190  19:19  Extractor  
  187  19:26  Overseer x3  
  187  19:38  Zerg Melee Weapons Level 2  
  187  19:40  Zerg Flyer Weapons Level 2  
  187  19:55  Drone x3  
  187  19:56  Drone  
  191  20:00  Drone x2  
  191  20:02  Drone x7  
  183  20:45  Drone x8  
  183  20:46  Drone x3  
  194  21:31  Zergling x8  
  194  21:32  Zergling x4  
  200  21:43  Baneling Nest  
  199  21:59  Zerg Melee Weapons Level 3, Zerg Flyer Weapons Level 3  
  134  23:09  Corruptor x12  
  150  23:21  Queen  
  154  23:34  Brood Lord x4  
  154  23:35  Brood Lord  
  162  23:41  Brood Lord x2  
  162  23:42  Brood Lord x4  
  173  23:54  Zergling x24  
  173  23:55  Zergling x12  
  132  24:30  Drone x12  
  143  24:43  Extractor  
  142  24:46  Hatchery  
  142  24:47  Extractor  
  132  25:29  Drone x4  
  132  25:30  Drone x3  
  132  25:32  Zergling x2  
  132  25:33  Corruptor x2, Zergling x26  
  132  25:34  Corruptor x2  
  161  25:35  Corruptor x2  
  165  25:46  Viper x7  
  184  26:20  Corruptor x6  
  184  26:21  Corruptor  
  198  26:26  Overlord  
  198  26:27  Overlord x8  
  198  26:28  Overlord x2  
  198  27:03  Zerg Ground Armor Level 2  
  198  27:04  Zerg Flyer Armor Level 2  
  198  27:11  Centrifical Hooks  
  198  27:16  Baneling x3  
  198  27:17  Baneling x11  
  198  27:18  Baneling x4  
  198  27:19  Baneling  
  169  27:44  Overseer  
  169  27:45  Overseer x10  
  169  27:51  Zergling x2  
  169  27:52  Zergling x34  
  187  28:17  Drone x2  
  187  28:18  Drone x10  
  199  28:25  Baneling  
  199  28:26  Baneling x13  
  172  29:35  Baneling  
  172  29:36  Baneling x19  
  172  29:37  Baneling x2  
  152  30:16  Drone x19  
  171  30:31  Drone x3  
  171  30:34  Drone x4  
  178  30:54  Hatchery  
  177  30:59  Extractor  
  172  32:16  Drone x11  
  172  32:17  Drone x7  
  190  32:29  Hatchery  
  189  32:30  Extractor  
  189  32:31  Extractor  
  184  32:56  Viper x4  
  184  32:57  Viper  
  179  34:14  Corruptor  
  179  34:15  Corruptor x8  
  179  34:16  Corruptor  
Tags
 
Add a new tag
Caveats
  • Supply blocks, unpowered buildings, or Contaminate may cause inaccurate times.
  • Supply counts are checked every 10 seconds.